3A
ATHLETIC CLUB KC U-24 @ WALLA WALLA WALLEYE
06/26/2042
 
TOP OF THE 1ST
Athletic Club KC U-24 batting - Pitching for Walla Walla Walleye : LHP Roberto Trevino
Pitching: LHP Roberto Trevino
Batting: RHB David Bosingwa 0-0: Ball
1-0: Foul Ball, location: 2F
1-1: Called Strike
1-2: DOUBLE (Line Drive, 7LM, EV 100.6 MPH)
Batting: RHB Pedro Píaz 0-0: Ball
1-0: Ball
2-0: Swinging Strike
2-1: Ball
3-1: Called Strike
3-2: Base on Balls
Batting: RHB James Allingham 0-0: Ball
1-0: Ball
2-0: Called Strike
2-1: Ball
3-1: DOUBLE (Line Drive, 7LM, EV 108.8 MPH)
David Bosingwa scores
Pedro Píaz to third
Batting: LHB Ramiro Curran 0-0: Ball
1-0: Ball
2-0: Ball
3-0: Base on Balls
Batting: LHB Greg Flynn 0-0: Grounds into double play, 4-6-3 (Groundball, 4, EV 103.1 MPH)
Pedro Píaz scores
James Allingham to third
Batting: SHB Francisco Rojas 0-0: Called Strike
0-1: Swinging Strike
0-2: Ball
1-2: Foul Ball, location: 2F
1-2: Reached on error, E3 (Groundball, 34, EV 104.4 MPH)
James Allingham scores
Batting: LHB Derek Robinson 0-0: Called Strike
0-1: Called Strike
0-2: Ball
1-2: Ball
2-2: Ball
3-2: Foul Ball, location: 2F
3-2: Foul Ball, location: 2F
3-2: Ground out 4-3 (Groundball, 4M, EV 82.5 MPH)
Top of the 1st over - 3 runs, 2 hits, 1 error, 1 left on base; Athletic Club KC 3 - Walla Walla 0
BOTTOM OF THE 1ST
Walla Walla Walleye batting - Pitching for Athletic Club KC U-24 : RHP Joe Perkins
Pitching: RHP Joe Perkins
Batting: LHB Cedomil Karadzic 0-0: Ball
1-0: Swinging Strike
1-1: Ball
2-1: Swinging Strike
2-2: Ball
3-2: DOUBLE (Line Drive, 78D, EV 101.2 MPH)
Batting: LHB Van Durr 0-0: Ball
1-0: Called Strike
1-1: Ground out 4-3 (Groundball, 4S, EV 84.4 MPH)
Cedomil Karadzic to third
Batting: LHB Derrek Guthrie 0-0: Ball
1-0: Ball
2-0: Foul Ball, location: 2F
2-1: Fly out, F9 (Flyball, 9S, EV 74.4 MPH)
Batting: RHB Roy Berriman 0-0: DOUBLE (Groundball, 3L, EV 96.2 MPH)
Cedomil Karadzic scores
Batting: SHB Víctor Pagueros 0-0: Ball
1-0: Swinging Strike
1-1: Foul Ball, location: 2F
1-2: Foul Ball, location: 2F
1-2: Foul Ball, location: 2F
1-2: Foul Ball, location: 2F
1-2: Foul Ball, location: 2F
1-2: DOUBLE (Flyball, 7LD, EV 89.4 MPH)
Roy Berriman scores
Batting: RHB Jorge Pedroso 0-0: Called Strike
0-1: Ball
1-1: Swinging Strike
1-2: Foul Ball, location: 2F
1-2: Foul Ball, location: 2F
1-2: Foul Ball, location: 2F
1-2: Ground out 4-3 (Groundball, 4, EV 80.6 MPH)
Bottom of the 1st over - 2 runs, 3 hits, 0 errors, 1 left on base; Athletic Club KC 3 - Walla Walla 2
TOP OF THE 2ND
Athletic Club KC U-24 batting - Pitching for Walla Walla Walleye : LHP Roberto Trevino
Batting: SHB Benedito Ahulani 0-0: Called Strike
0-1: Called Strike
0-2: Foul Ball, location: 2F
0-2: Foul Ball, location: 2F
0-2: Hit by Pitch
Batting: SHB Emílio Jover 0-0: DOUBLE (Line Drive, 89D, EV 106.9 MPH)
Benedito Ahulani to third
Runner from 3rd tries for Home, SAFE, throw by CF to trailing runner, SAFE at third!
Batting: RHB David Bosingwa 0-0: Called Strike
0-1: Ground out 5-3 (Groundball, 56, EV 103.8 MPH)
Emílio Jover scores
Batting: RHB Pedro Píaz 0-0: Ball
1-0: Ball
2-0: Called Strike
2-1: Ball
3-1: Base on Balls
Batting: RHB James Allingham 0-0: Called Strike
Pedro Píaz steals 2nd base
0-1: Ball
1-1: Ball
2-1: Called Strike
2-2: Ground out 4-3 (Groundball, 4, EV 91.9 MPH)
Pedro Píaz to third
Batting: LHB Ramiro Curran 0-0: SINGLE (Line Drive, 89S, EV 101.2 MPH)
Pedro Píaz scores
Pitching: RHP Víctor Trujillo
Batting: LHB Greg Flynn 0-0: Foul Ball, location: 2F
0-1: Ball
1-1: Called Strike
1-2: Ground out 4-3 (Groundball, 4, EV 83.1 MPH)
Top of the 2nd over - 3 runs, 2 hits, 0 errors, 1 left on base; Athletic Club KC 6 - Walla Walla 2
BOTTOM OF THE 2ND
Walla Walla Walleye batting - Pitching for Athletic Club KC U-24 : RHP Joe Perkins
Batting: RHB Bret Taylor 0-0: Ball
1-0: Foul Ball, location: 2F
1-1: Foul Ball, location: 2F
1-2: Ball
2-2: Fly out, F9 (Flyball, 9, EV 96.2 MPH)
Batting: RHB Joong Chuang 0-0: Foul Ball, location: 2F
0-1: Ball
1-1: Called Strike
1-2: Ball
2-2: Ground out 5-3 (Groundball, 5, EV 86.2 MPH)
Batting: LHB Nukie Libiran 0-0: Ball
1-0: Ball
2-0: Called Strike
2-1: Foul Ball, location: 2F
2-2: Foul Ball, location: 2F
2-2: Strikes out swinging
Bottom of the 2nd over - 0 runs, 0 hits, 0 errors, 0 left on base; Athletic Club KC 6 - Walla Walla 2
TOP OF THE 3RD
Athletic Club KC U-24 batting - Pitching for Walla Walla Walleye : RHP Víctor Trujillo
Batting: SHB Francisco Rojas 0-0: Ball
1-0: Swinging Strike
1-1: Foul Ball, location: 2F
1-2: Strikes out swinging
Batting: LHB Derek Robinson 0-0: Called Strike
0-1: Ball
1-1: Foul Ball, location: 2F
1-2: Foul Ball, location: 2F
1-2: Ball
2-2: Ball
3-2: Strikes out swinging
Batting: SHB Benedito Ahulani 0-0: Ball
1-0: Swinging Strike
1-1: Ground out 5-3 (Groundball, 5, EV 110.6 MPH)
Top of the 3rd over - 0 runs, 0 hits, 0 errors, 0 left on base; Athletic Club KC 6 - Walla Walla 2
BOTTOM OF THE 3RD
Walla Walla Walleye batting - Pitching for Athletic Club KC U-24 : RHP Joe Perkins
Batting: LHB Cedomil Karadzic 0-0: Ball
1-0: Called Strike
1-1: Ball
2-1: Ball
3-1: Swinging Strike
3-2: Base on Balls
Batting: LHB Van Durr 0-0: Ball
1-0: Foul Ball, location: 2F
1-1: SINGLE (Groundball, 6MD, EV 103.1 MPH)
Cedomil Karadzic to second
Batting: LHB Derrek Guthrie 0-0: Called Strike
0-1: Fielders Choice at 2nd, 4-6 (Groundball, 4M, EV 90.6 MPH)
Cedomil Karadzic to third
Batting: RHB Roy Berriman 0-0: Called Strike
0-1: Ball
1-1: Ball
2-1: Swinging Strike
2-2: Strikes out swinging
Batting: SHB Víctor Pagueros 0-0: Called Strike
0-1: Swinging Strike
0-2: Fly out, F8 (Flyball, 8LS, EV 92.5 MPH)
Bottom of the 3rd over - 0 runs, 1 hit, 0 errors, 2 left on base; Athletic Club KC 6 - Walla Walla 2
TOP OF THE 4TH
Athletic Club KC U-24 batting - Pitching for Walla Walla Walleye : RHP Víctor Trujillo
Batting: SHB Emílio Jover 0-0: Ball
1-0: Swinging Strike
1-1: SINGLE (Groundball, 34D, EV 104.4 MPH)
Batting: RHB David Bosingwa 0-0: Called Strike
0-1: Foul Ball, location: 2F
0-2: Ball
1-2: Strikes out looking
Batting: RHB Pedro Píaz 0-0: Ball
1-0: Ball
2-0: Ball
3-0: Called Strike
3-1: Grounds into double play, 5-4-3 (Groundball, 5, EV 85.6 MPH)
Top of the 4th over - 0 runs, 1 hit, 0 errors, 0 left on base; Athletic Club KC 6 - Walla Walla 2
BOTTOM OF THE 4TH
Walla Walla Walleye batting - Pitching for Athletic Club KC U-24 : RHP Joe Perkins
Batting: RHB Jorge Pedroso 0-0: Called Strike
0-1: SINGLE (Line Drive, 89S, EV 91.9 MPH)
Batting: RHB Bret Taylor 0-0: Ball
1-0: Called Strike
1-1: Ball
2-1: Foul Ball, location: 2F
2-2: Fly out, F3 (Popup, 3SF, EV 88.1 MPH)
Batting: RHB Joong Chuang 0-0: Foul Ball, location: 2F
0-1: Foul Ball, location: 2F
0-2: Ball
1-2: Ball
2-2: Foul Ball, location: 2F
2-2: Foul Ball, location: 2F
2-2: Ball
3-2: Base on Balls
Jorge Pedroso to second
Batting: LHB Nukie Libiran 0-0: Ball
Wild Pitch!
Jorge Pedroso to third
Joong Chuang to second
1-0: Ball
2-0: Called Strike
2-1: Ground out U3 (Groundball, 3, EV 109.4 MPH)
Batting: LHB Cedomil Karadzic 0-0: Ball
1-0: Foul Ball, location: 2F
1-1: Ground out 4-3 (Groundball, 4, EV 103.1 MPH)
Bottom of the 4th over - 0 runs, 1 hit, 0 errors, 2 left on base; Athletic Club KC 6 - Walla Walla 2
TOP OF THE 5TH
Athletic Club KC U-24 batting - Pitching for Walla Walla Walleye : RHP Víctor Trujillo
Batting: RHB James Allingham 0-0: Called Strike
0-1: Fly out, F8 (Flyball, 8RS, EV 83.8 MPH)
Batting: LHB Ramiro Curran 0-0: Ball
1-0: Ground out 4-3 (Groundball, 34, EV 103.8 MPH)
Batting: LHB Greg Flynn 0-0: Foul Ball, location: 2F
0-1: Ball
1-1: Swinging Strike
1-2: Foul Ball, location: 2F
1-2: Ground out U3 (Groundball, 34, EV 81.2 MPH)
Top of the 5th over - 0 runs, 0 hits, 0 errors, 0 left on base; Athletic Club KC 6 - Walla Walla 2
BOTTOM OF THE 5TH
Walla Walla Walleye batting - Pitching for Athletic Club KC U-24 : RHP Joe Perkins
Batting: LHB Van Durr 0-0: Ball
1-0: Swinging Strike
1-1: Swinging Strike
1-2: Strikes out swinging
Pitching: RHP Juan Andrés Saelices
Batting: LHB Derrek Guthrie 0-0: SINGLE (Flyball, 78S, EV 90.6 MPH)
Batting: RHB Roy Berriman 0-0: Called Strike
0-1: Fly out, F8 (Flyball, 78D, EV 98.8 MPH)
Batting: SHB Víctor Pagueros 0-0: Ball
1-0: Foul Ball, location: 2F
1-1: Swinging Strike
1-2: Strikes out swinging
Bottom of the 5th over - 0 runs, 1 hit, 0 errors, 1 left on base; Athletic Club KC 6 - Walla Walla 2
TOP OF THE 6TH
Athletic Club KC U-24 batting - Pitching for Walla Walla Walleye : RHP Víctor Trujillo
Batting: SHB Francisco Rojas 0-0: Ball
1-0: Called Strike
1-1: Called Strike
1-2: Foul Ball, location: 2F
1-2: Ball
2-2: SOLO HOME RUN (Flyball, 9LD, EV 106.9 MPH), Distance : 349 ft
Batting: LHB Derek Robinson 0-0: Ball
1-0: Ball
2-0: Ground out 1-3 (Groundball, P, EV 63.1 MPH)
Batting: SHB Benedito Ahulani 0-0: Ball
1-0: Swinging Strike
1-1: DOUBLE (Groundball, 3L, EV 100.6 MPH)
Pitching: LHP Alfredo Morales
Batting: SHB Emílio Jover 0-0: Ball
1-0: Called Strike
1-1: Ball
2-1: DOUBLE (Line Drive, 5D, EV 93.8 MPH)
Benedito Ahulani scores
Batting: RHB David Bosingwa 0-0: Called Strike
0-1: Ball
1-1: Ball
Wild Pitch!
Emílio Jover to third
2-1: Called Strike
2-2: Ball
3-2: Fly out, F9 (Flyball, 9LM, EV 107.5 MPH)
Runner from 3rd tags up, SCORES, no throw by RF
Batting: RHB Pedro Píaz 0-0: Called Strike
0-1: Foul Ball, location: 2F
0-2: Strikes out looking
Top of the 6th over - 3 runs, 3 hits, 0 errors, 0 left on base; Athletic Club KC 9 - Walla Walla 2
BOTTOM OF THE 6TH
Walla Walla Walleye batting - Pitching for Athletic Club KC U-24 : RHP Juan Andrés Saelices
Batting: RHB Jorge Pedroso 0-0: Ball
1-0: Fly out, F8 (Flyball, 8LS, EV 90.6 MPH)
Batting: RHB Bret Taylor 0-0: Called Strike
0-1: Ball
1-1: Swinging Strike
1-2: Foul Ball, location: 2F
1-2: Foul Ball, location: 2F
1-2: Ball
2-2: Foul Ball, location: 2F
2-2: Ball
3-2: SOLO HOME RUN (Flyball, 78XD, EV 98.8 MPH), Distance : 431 ft
Batting: RHB Joong Chuang 0-0: Foul Ball, location: 2F
0-1: Ball
1-1: DOUBLE (Line Drive, 89M, EV 91.9 MPH)
Batting: LHB Nukie Libiran 0-0: Ball
1-0: Fly out, F7 (Flyball, 7S, EV 74.4 MPH)
Batting: LHB Cedomil Karadzic 0-0: Called Strike
0-1: Called Strike
0-2: Foul Ball, location: 2F
0-2: Ball
1-2: Ball
2-2: Foul Ball, location: 2F
2-2: Ball
3-2: Ground out 5-3 (Groundball, 5L, EV 79.4 MPH)
Bottom of the 6th over - 1 run, 2 hits, 0 errors, 1 left on base; Athletic Club KC 9 - Walla Walla 3
TOP OF THE 7TH
Athletic Club KC U-24 batting - Pitching for Walla Walla Walleye : LHP Alfredo Morales
Batting: RHB James Allingham 0-0: Foul Ball, location: 2F
0-1: Called Strike
0-2: Foul Ball, location: 2F
0-2: Ball
1-2: Foul Ball, location: 2F
1-2: Strikes out swinging, 2-3 out at first.
Batting: LHB Ramiro Curran 0-0: Swinging Strike
0-1: Called Strike
0-2: Foul Ball, location: 2F
0-2: Foul Ball, location: 2F
0-2: Ball
1-2: DOUBLE (Line Drive, 9LS, EV 96.2 MPH)
Batting: LHB Greg Flynn 0-0: Ball
1-0: Foul Ball, location: 2F
1-1: Foul Ball, location: 2F
1-2: Strikes out looking
Batting: SHB Francisco Rojas 0-0: Ball
1-0: Ball
2-0: Called Strike
2-1: Ball
3-1: Foul Ball, location: 2F
3-2: Strikes out looking
Top of the 7th over - 0 runs, 1 hit, 0 errors, 1 left on base; Athletic Club KC 9 - Walla Walla 3
BOTTOM OF THE 7TH
Walla Walla Walleye batting - Pitching for Athletic Club KC U-24 : RHP Juan Andrés Saelices
Batting: LHB Van Durr 0-0: Swinging Strike
0-1: Ball
1-1: Fly out, F5 (Popup, 5F, EV 55.6 MPH)
Batting: LHB Derrek Guthrie 0-0: Fly out, F8 (Flyball, 8LXD, EV 100.6 MPH)
Batting: RHB Roy Berriman 0-0: Ball
1-0: Fly out, F3 (Popup, 3SF, EV 86.2 MPH)
Bottom of the 7th over - 0 runs, 0 hits, 0 errors, 0 left on base; Athletic Club KC 9 - Walla Walla 3
TOP OF THE 8TH
Athletic Club KC U-24 batting - Pitching for Walla Walla Walleye : LHP Alfredo Morales
Batting: LHB Derek Robinson 0-0: Ball
1-0: Foul Ball, location: 2F
1-1: Ball
2-1: Ball
3-1: Foul Ball, location: 2F
3-2: Base on Balls
Batting: SHB Benedito Ahulani 0-0: Foul Ball, location: 2F
0-1: Ball
1-1: Foul Ball, location: 2F
1-2: Ball
2-2: Strikes out looking
Batting: SHB Emílio Jover 0-0: Ball
1-0: Fly out, F7 (Line Drive, 7D, EV 92.5 MPH)
Batting: RHB David Bosingwa 0-0: Foul Ball, location: 2F
0-1: Called Strike
0-2: Ball
1-2: Strikes out looking
Top of the 8th over - 0 runs, 0 hits, 0 errors, 1 left on base; Athletic Club KC 9 - Walla Walla 3
BOTTOM OF THE 8TH
Walla Walla Walleye batting - Pitching for Athletic Club KC U-24 : RHP Juan Andrés Saelices
Batting: SHB Víctor Pagueros 0-0: Ball
1-0: Ball
2-0: Ground out 4-3 (Groundball, 4, EV 105.0 MPH)
Batting: RHB Jorge Pedroso 0-0: Ball
1-0: Ball
2-0: Ball
3-0: Base on Balls
Batting: RHB Bret Taylor 0-0: Ball
1-0: Foul Ball, location: 2F
1-1: Ball
2-1: Foul Ball, location: 2F
2-2: Foul Ball, location: 2F
2-2: Foul Ball, location: 2F
2-2: SINGLE (Flyball, 78S, EV 98.1 MPH)
Jorge Pedroso to second
Pitching: LHP Pedro Árias
Batting: RHB Joong Chuang 0-0: Called Strike
0-1: Foul Ball, location: 2F
0-2: Ball
1-2: Foul Ball, location: 2F
1-2: Strikes out looking
Batting: LHB Nukie Libiran 0-0: Foul Ball, location: 2F
0-1: Ball
1-1: Swinging Strike
1-2: Fielders Choice at 2nd, 6-4 (Groundball, 6, EV 84.4 MPH)
Bottom of the 8th over - 0 runs, 1 hit, 0 errors, 2 left on base; Athletic Club KC 9 - Walla Walla 3
TOP OF THE 9TH
Athletic Club KC U-24 batting - Pitching for Walla Walla Walleye : LHP Alfredo Morales
Batting: RHB Pedro Píaz 0-0: Foul Ball, location: 2F
0-1: Ball
1-1: Foul Ball, location: 2F
1-2: Foul Ball, location: 2F
1-2: Foul Ball, location: 2F
1-2: Ball
2-2: Ball
3-2: Strikes out swinging
Batting: RHB James Allingham 0-0: Ball
1-0: Ball
2-0: Called Strike
2-1: Foul Ball, location: 2F
2-2: Ball
3-2: Strikes out swinging
Batting: LHB Ramiro Curran 0-0: Called Strike
0-1: Foul Ball, location: 2F
0-2: Ball
1-2: Fly out, F2 (Popup, 2R, EV 89.4 MPH)
Top of the 9th over - 0 runs, 0 hits, 0 errors, 0 left on base; Athletic Club KC 9 - Walla Walla 3
BOTTOM OF THE 9TH
Walla Walla Walleye batting - Pitching for Athletic Club KC U-24 : LHP Pedro Árias
Batting: LHB Cedomil Karadzic 0-0: Ball
1-0: Called Strike
1-1: SINGLE (Groundball, 34D, EV 96.9 MPH)
Batting: LHB Van Durr 0-0: Ball
1-0: Foul Ball, location: 2F
1-1: Called Strike
1-2: Foul Ball, location: 2F
1-2: Foul Ball, location: 2F
1-2: Fly out, F8 (Flyball, 8RXD, EV 88.8 MPH)
Batting: LHB Derrek Guthrie 0-0: Reached on error, E6 (Groundball, 6M, EV 93.1 MPH)
Cedomil Karadzic to second
Batting: RHB Roy Berriman 0-0: Ball
1-0: Called Strike
1-1: Foul Ball, location: 2F
1-2: Strikes out looking
Pitching: LHP Keiran Dalley
Batting: SHB Víctor Pagueros 0-0: Ball
1-0: Called Strike
1-1: Foul Ball, location: 2F
1-2: SINGLE (Groundball, 4, EV 99.4 MPH) (infield hit)
Cedomil Karadzic to third
Derrek Guthrie to second
Batting: RHB Jorge Pedroso 0-0: Ball
1-0: Ball
2-0: Ball
3-0: Called Strike
3-1: Called Strike
3-2: Strikes out swinging
Bottom of the 9th over - 0 runs, 2 hits, 1 error, 3 left on base; Athletic Club KC 9 - Walla Walla 3
Friday, March 26th, 2021 - OOTP Baseball 20.8 Build 74